 Dungeon Crawl Stone Soup version 0.21.0-3-g78d12a8 (webtiles) character file.

149 Suckerboh the Skirmisher (level 5, 0/57 HPs)
             Began as an Ogre Monk on Jan 15, 2018.
             Slain by an orc wizard
             ... wielding a +0 dagger
              (3 damage)
             ... on level 3 of the Dungeon.
             The game lasted 00:04:20 (2486 turns).

Suckerboh the Skirmisher (Ogre Monk)                Turns: 2486, Time: 00:04:21

Health: 0/57       AC:  3    Str: 20    XL:     5   Next: 31%
Magic:  5/5        EV: 11    Int: 11    God:
Gold:   54         SH:  0    Dex: 12    Spells: 4/4 levels left

rFire    . . .     SeeInvis .   a - +1 broad axe (freeze)
rCold    . . .     Gourm    .   (no shield)
rNeg     . . .     Faith    .   b - +0 robe
rPois    .         Spirit   .   (helmet restricted)
rElec    .         Reflect  .   (no cloak)
rCorr    .         Harm     .   (gloves unavailable)
MR       .....                  (boots unavailable)
Stlth    ++........             (no amulet)
HPRegen  0.19/turn              (no ring)
MPRegen  0.09/turn              (no ring)

@: mighty
A: large, unfitting armour, tough skin 1
a: no special abilities


You were on level 3 of the Dungeon.
You were not hungry.

You visited 1 branch of the dungeon, and saw 3 of its levels.

You collected 54 gold pieces.

Inventory:

Hand Weapons
 a - a +1 broad axe of freezing (weapon)
 p - a +0 hunting sling of flaming
 q - a +0 mace
Armour
 b - a +0 robe (worn)
Jewellery
 g - an uncursed ring of positive energy {unknown}
 k - an uncursed amulet of faith {unknown}
Wands
 o - a wand of digging (14)
Scrolls
 d - a scroll of teleportation {unknown}
 f - 2 scrolls of identify {unknown}
 j - a scroll of blinking {unknown}
 m - a scroll of amnesia {unknown}
Potions
 e - a potion of agility {unknown}
 h - a potion of cancellation {unknown}
 l - a potion of lignification {unknown}
Comestibles
 c - 3 rations


   Skills:
 + Level 5.1 Fighting
 * Level 1.1(3.0) Axes
 - Level 4.0(4.1) Maces & Flails
 + Level 3.4 Dodging
 - Level 1.4 Stealth


You had 4 spell levels left.
You didn't know any spells.

Dungeon Overview and Level Annotations

Branches:
Dungeon (3/15)

Altars:
Elyvilon
Hepliaklqana
Makhleb
Sif Muna
Yredelemnul

Annotations:
D:2 Crazy Yiuf


Innate Abilities, Weirdness & Mutations

You are too large for most types of armour.
You have tough skin. (AC +1)


Message History

The goblin misses you. Something hits you but does no damage.
The orc hits you but does no damage.
Unknown command.
You slash the orc! You freeze the orc.
You kill the orc!
You hit the goblin. You freeze the goblin.
You kill the goblin!
You hit the orc wizard. You freeze the orc wizard.
You kill the orc wizard!
Your Fighting skill increases to level 5!
Your base Axes skill increases to level 1!
You barely miss something. Something hits you.
* * * LOW HITPOINT WARNING * * *
Something hits you.
* * * LOW HITPOINT WARNING * * *
Unknown command.
It was a potion of might.
You feel very mighty all of a sudden. The rat bites you but does no damage.
Something hits you.
You die...

.. ### .. ### #. #.####
...#% .. #. #..... ...#.
.. ##.##..... .....#+#.
#...#..... .........
#.♣.#..... ........#
#...#..... #.....{)#
#.###.##.)...
#.....r@####............
####...)...########.....
#.......#####).......
#.............###.##.
############### ####. ♣.
♣. ♣♣


You could see a rat.

Vanquished Creatures
  2 orc wizards (D:3)
  A hound skeleton (D:2)
  3 adders
  An ooze (D:2)
  2 dart slugs
  7 orcs
  A giant cockroach (D:1)
  3 goblins
  7 hobgoblins
  7 bats
  3 frilled lizards
  3 kobolds
  6 rats
46 creatures vanquished.

Notes
Turn   | Place    | Note
-------+----------+-------------------------------------------
     0 | D:1      | Suckerboh the Ogre Monk began the quest for the Orb.
     0 | D:1      | Reached XP level 1. HP: 24/24 MP: 1/1
   162 | D:1      | Reached XP level 2. HP: 31/32 MP: 2/2
  1043 | D:2      | Reached XP level 3. HP: 39/40 MP: 3/3
  1636 | D:2      | Found a faded altar of an unknown god.
  1636 | D:2      | Found a hazy altar of Hepliaklqana.
  1641 | D:2      | Found a basalt altar of Yredelemnul.
  1643 | D:2      | Found a burning altar of Makhleb.
  1644 | D:2      | Found a deep blue altar of Sif Muna.
  1782 | D:2      | Found a runed door.
  1793 | D:2      | Noticed Crazy Yiuf
  1927 | D:3      | Reached XP level 4. HP: 17/49 MP: 4/4
  2377 | D:3      | Found a white marble altar of Elyvilon.
  2482 | D:3      | Reached XP level 5. HP: 6/55 MP: 5/5
  2482 | D:3      | HP: 2/55 [something (1)]
  2485 | D:3      | Reached skill level 5 in Fighting
  2485 | D:3      | Reached skill level 1 in Axes
  2486 | D:3      | Slain by an orc wizard

Skill      XL: |  1  2  3  4  5 |
---------------+----------------+-----
Maces & Flails | 3 4 |  4.0
Dodging        | 3 |  3.4
Fighting       | 5 |  5.1
Axes           | 1 |  1.1
Stealth        | |  1.4

Action                   |  1- 3 |  4- 6 || total
-------------------------+-------+-------++-------
Melee: Mace              |   132 |    32 ||   164
       Broad axe         |       |     8 ||     8
  Use: Potion            |       |     3 ||     3
 Stab: Sleeping          |     1 |       ||     1
  Eat: Chunk             |     3 |     2 ||     5
Armor: Robe              |    65 |    14 ||    79
Dodge: Dodged            |   105 |    26 ||   131
